TOP OF THE 1ST |
Casper Ghosts batting - Pitching for Balzac Rams : RHP Henry Carroll
|
Pitching: RHP Henry Carroll
|
|
Batting: RHB Troy Reed
|
0-0: Swinging Strike 0-1: Ball 1-1: Ball 2-1: Called Strike 2-2: Foul Ball, location: 2F 2-2: Foul Ball, location: 2F 2-2: Strikes out swinging
|
Batting: LHB Luis Rodríguez
|
0-0: Swinging Strike 0-1: Called Strike 0-2: Foul Ball, location: 2F 0-2: Ball 1-2: Ball 2-2: Foul Ball, location: 2F 2-2: SOLO HOME RUN (Flyball, 8RXD), Distance : 411 ft
|
Batting: RHB Billy Mullins
|
0-0: Foul Ball, location: 2F 0-1: Foul Ball, location: 2F 0-2: Foul Ball, location: 2F 0-2: Ball 1-2: Foul Ball, location: 2F 1-2: Foul Ball, location: 2F 1-2: Ball 2-2: Foul Ball, location: 2F 2-2: Ball 3-2: SOLO HOME RUN (Line Drive, 7D), Distance : 414 ft
|
Batting: LHB Javier Mejía
|
0-0: Ball 1-0: Foul Ball, location: 2F 1-1: Foul Ball, location: 2F 1-2: Foul Ball, location: 2F 1-2: Foul Ball, location: 2F 1-2: Foul Ball, location: 2F 1-2: Ball 2-2: Foul Ball, location: 2F 2-2: Ball 3-2: Foul Ball, location: 2F 3-2: Base on Balls
|
Batting: LHB George Flanagan
|
0-0: Ball 1-0: Foul Ball, location: 2F 1-1: Swinging Strike 1-2: Ball 2-2: Ball 3-2: Fly out, F8 (Flyball, 8RD)
|
Batting: LHB Ramón Córdova
|
0-0: Foul Ball, location: 2F 0-1: Ball 1-1: Ball 2-1: Swinging Strike 2-2: Foul Ball, location: 2F 2-2: Foul Ball, location: 2F 2-2: Foul Ball, location: 2F 2-2: Ball 3-2: Base on Balls Javier Mejía to second
|
Batting: LHB Ronald Gordon
|
0-0: Ball 1-0: Swinging Strike 1-1: Swinging Strike 1-2: Strikes out swinging
|
Top of the 1st over - 2 runs, 2 hits, 0 errors, 2 left on base; Casper 2 - Balzac 0 |
BOTTOM OF THE 1ST |
Balzac Rams batting - Pitching for Casper Ghosts : RHP Arthur Martínez
|
Pitching: RHP Arthur Martínez
|
|
Batting: RHB Jesús Velásquez
|
0-0: Ball 1-0: Foul Ball, location: 2F 1-1: Ball 2-1: Swinging Strike 2-2: Fly out, F8 (Flyball, 8RM)
|
Batting: RHB Jeremy Flemming
|
0-0: Ball 1-0: Ball 2-0: Ball 3-0: Base on Balls
|
Batting: LHB Fernando Cruz
|
0-0: Ball 1-0: Fly out, F3 (Line Drive, 34) Lined into DP, U3 (Line Drive, 34)
|
Bottom of the 1st over - 0 runs, 0 hits, 0 errors, 0 left on base; Casper 2 - Balzac 0 |
TOP OF THE 2ND |
Casper Ghosts batting - Pitching for Balzac Rams : RHP Henry Carroll
|
Batting: RHB Miguel Toro
|
0-0: Ball 1-0: Ground out 5-3 (Groundball, 56)
|
Batting: RHB Robert Acosta
|
0-0: Called Strike 0-1: Ball 1-1: Ground out 6-3 (Groundball, 6)
|
Batting: RHB Troy Reed
|
0-0: Ball 1-0: TRIPLE (Flyball, 7LD)
|
Batting: LHB Luis Rodríguez
|
0-0: Swinging Strike 0-1: Swinging Strike 0-2: Ball 1-2: Foul Ball, location: 2F 1-2: DOUBLE (Flyball, 89D) Troy Reed scores
|
Batting: RHB Billy Mullins
|
0-0: Ball 1-0: Foul Ball, location: 2F 1-1: Ball 2-1: Ball 3-1: Base on Balls
|
Batting: LHB Javier Mejía
|
0-0: Swinging Strike 0-1: Foul Ball, location: 2F 0-2: Strikes out swinging
|
Top of the 2nd over - 1 run, 2 hits, 0 errors, 2 left on base; Casper 3 - Balzac 0 |
BOTTOM OF THE 2ND |
Balzac Rams batting - Pitching for Casper Ghosts : RHP Arthur Martínez
|
Batting: LHB Greg Sharpe
|
0-0: Ball 1-0: Called Strike 1-1: Ball 2-1: Swinging Strike 2-2: Foul Ball, location: 2F 2-2: DOUBLE (Flyball, 89D)
|
Batting: RHB Pedro Molina
|
0-0: Called Strike 0-1: Ground out 5-3 (Groundball, 5)
|
Batting: RHB Juan Morales
|
0-0: Called Strike 0-1: Fly out, F8 (Flyball, 8RM)
|
Batting: RHB Lynn Johnson
|
0-0: Ball 1-0: Ball 2-0: Swinging Strike 2-1: Swinging Strike 2-2: Ball 3-2: Foul Ball, location: 2F 3-2: Strikes out looking
|
Bottom of the 2nd over - 0 runs, 1 hit, 0 errors, 1 left on base; Casper 3 - Balzac 0 |
TOP OF THE 3RD |
Casper Ghosts batting - Pitching for Balzac Rams : RHP Henry Carroll
|
Batting: LHB George Flanagan
|
0-0: Ball 1-0: Ball 2-0: Ball 3-0: Called Strike 3-1: Base on Balls
|
Batting: LHB Ramón Córdova
|
0-0: Called Strike 0-1: Foul Ball, location: 2F 0-2: Foul Ball, location: 2F 0-2: Ball 1-2: Foul Ball, location: 2F 1-2: Ball 2-2: Grounds into double play, 6-4-3 (Groundball, 6)
|
Batting: LHB Ronald Gordon
|
0-0: Ball 1-0: Ball 2-0: SINGLE (Flyball, 78S)
|
Pitching: RHP Héctor Cardenas
|
|
Batting: RHB Miguel Toro
|
0-0: Called Strike 0-1: Ball 1-1: Ball 2-1: Ball 3-1: Base on Balls Ronald Gordon to second
|
Batting: RHB Robert Acosta
|
0-0: Fly out, F5 (Popup, 5L)
|
Top of the 3rd over - 0 runs, 1 hit, 0 errors, 2 left on base; Casper 3 - Balzac 0 |
BOTTOM OF THE 3RD |
Balzac Rams batting - Pitching for Casper Ghosts : RHP Arthur Martínez
|
Batting: RHB Manny Gutiérrez
|
0-0: Called Strike 0-1: Ball 1-1: Called Strike 1-2: Foul Ball, location: 2F 1-2: Ball 2-2: Foul Ball, location: 2F 2-2: Foul Ball, location: 2F 2-2: Foul Ball, location: 2F 2-2: Foul Ball, location: 2F 2-2: Foul Ball, location: 2F 2-2: Ball 3-2: Foul Ball, location: 2F 3-2: Strikes out swinging
|
Batting: SHB Keith Hale
|
0-0: Called Strike 0-1: Foul Ball, location: 2F 0-2: Ball 1-2: Ball 2-2: Ground out 6-3 (Groundball, 6M)
|
Batting: RHB Jesús Velásquez
|
0-0: Ball 1-0: Ball 2-0: Called Strike 2-1: Called Strike 2-2: Foul Ball, location: 2F 2-2: Hit by Pitch
|
Batting: RHB Jeremy Flemming
|
Pickoff Throw to First - Error! E1 Jesús Velásquez to second 0-0: SINGLE (Flyball, 9LS) Jesús Velásquez to third Runner from 3rd tries for Home, SAFE, no throw
|
Batting: LHB Fernando Cruz
|
0-0: Ball Jeremy Flemming steals 2nd base 1-0: Ground out 5-3 (Groundball, 56)
|
Bottom of the 3rd over - 1 run, 1 hit, 1 error, 1 left on base; Casper 3 - Balzac 1 |
TOP OF THE 4TH |
Casper Ghosts batting - Pitching for Balzac Rams : RHP Héctor Cardenas
|
Batting: RHB Troy Reed
|
0-0: Foul Ball, location: 2F 0-1: Swinging Strike 0-2: Foul Ball, location: 2F 0-2: Foul Ball, location: 2F 0-2: Strikes out swinging
|
Batting: LHB Luis Rodríguez
|
0-0: Ball 1-0: Foul Ball, location: 2F 1-1: Foul Ball, location: 2F 1-2: Foul Ball, location: 2F 1-2: Ground out U3 (Groundball, 3)
|
Batting: RHB Billy Mullins
|
0-0: Ball 1-0: Foul Ball, location: 2F 1-1: Foul Ball, location: 2F 1-2: Ball 2-2: Ball 3-2: DOUBLE (Line Drive, 9LM)
|
Batting: LHB Javier Mejía
|
0-0: Called Strike 0-1: Fly out, F7 (Line Drive, 7S)
|
Top of the 4th over - 0 runs, 1 hit, 0 errors, 1 left on base; Casper 3 - Balzac 1 |
BOTTOM OF THE 4TH |
Balzac Rams batting - Pitching for Casper Ghosts : RHP Arthur Martínez
|
Batting: LHB Greg Sharpe
|
0-0: Ball 1-0: Fly out, F7 (Flyball, 7)
|
Batting: RHB Pedro Molina
|
0-0: DOUBLE (Line Drive, 89D)
|
Batting: RHB Juan Morales
|
0-0: Called Strike 0-1: Swinging Strike 0-2: Ball 1-2: Strikes out looking
|
Batting: RHB Lynn Johnson
|
0-0: Called Strike 0-1: Ball 1-1: Foul Ball, location: 2F 1-2: Ball 2-2: Ball 3-2: Foul Ball, location: 2F 3-2: Base on Balls
|
Batting: RHB Manny Gutiérrez
|
0-0: Ball 1-0: Called Strike 1-1: Ball 2-1: Swinging Strike 2-2: Strikes out swinging
|
Bottom of the 4th over - 0 runs, 1 hit, 0 errors, 2 left on base; Casper 3 - Balzac 1 |
TOP OF THE 5TH |
Casper Ghosts batting - Pitching for Balzac Rams : RHP Héctor Cardenas
|
Batting: LHB George Flanagan
|
0-0: Called Strike 0-1: Ball 1-1: Called Strike 1-2: Strikes out looking
|
Batting: LHB Ramón Córdova
|
0-0: Called Strike 0-1: Foul Ball, location: 2F 0-2: Ball 1-2: Ball 2-2: Ground out 5-3 (Groundball, 56D)
|
Batting: LHB Ronald Gordon
|
0-0: Called Strike 0-1: Foul Ball, location: 2F 0-2: Ball 1-2: Ball 2-2: Foul Ball, location: 2F 2-2: Ball 3-2: Ground out 1-3 (Groundball, 13S)
|
Top of the 5th over - 0 runs, 0 hits, 0 errors, 0 left on base; Casper 3 - Balzac 1 |
BOTTOM OF THE 5TH |
Balzac Rams batting - Pitching for Casper Ghosts : RHP Arthur Martínez
|
Batting: SHB Keith Hale
|
0-0: Called Strike 0-1: Called Strike 0-2: Ball 1-2: Fly out, F8 (Line Drive, 8LD)
|
Batting: RHB Jesús Velásquez
|
0-0: Ball 1-0: Fly out, F8 (Flyball, 78D)
|
Batting: RHB Jeremy Flemming
|
0-0: Called Strike 0-1: Ground out 6-3 (Groundball, 6)
|
Bottom of the 5th over - 0 runs, 0 hits, 0 errors, 0 left on base; Casper 3 - Balzac 1 |
TOP OF THE 6TH |
Casper Ghosts batting - Pitching for Balzac Rams : RHP Marvin Dixon
|
Pitching: RHP Marvin Dixon
|
|
Batting: RHB Miguel Toro
|
0-0: Ground out U3 (Groundball, 34S)
|
Batting: RHB Robert Acosta
|
0-0: Foul Ball, location: 2F 0-1: Fly out, F7 (Flyball, 78S)
|
Batting: RHB Troy Reed
|
0-0: Foul Ball, location: 2F 0-1: Ball 1-1: Ground out 1-3 (Groundball, 13)
|
Top of the 6th over - 0 runs, 0 hits, 0 errors, 0 left on base; Casper 3 - Balzac 1 |
BOTTOM OF THE 6TH |
Balzac Rams batting - Pitching for Casper Ghosts : RHP Arthur Martínez
|
Batting: LHB Fernando Cruz
|
0-0: Called Strike 0-1: SINGLE (Groundball, 3D)
|
Batting: LHB Greg Sharpe
|
0-0: Grounds out, U3 (Groundball, 3L)
|
Batting: RHB Pedro Molina
|
0-0: Called Strike 0-1: Ball 1-1: Foul Ball, location: 2F 1-2: DOUBLE (Line Drive, 5D) Fernando Cruz scores
|
Batting: RHB Juan Morales
|
0-0: Ball 1-0: Foul Ball, location: 2F 1-1: Ground out 6-3 (Groundball, 6)
|
Batting: RHB Lynn Johnson
|
0-0: Ground out 6-3 (Groundball, 6)
|
Bottom of the 6th over - 1 run, 2 hits, 0 errors, 1 left on base; Casper 3 - Balzac 2 |
TOP OF THE 7TH |
Casper Ghosts batting - Pitching for Balzac Rams : RHP Marvin Dixon
|
Batting: LHB Luis Rodríguez
|
0-0: Swinging Strike 0-1: Foul Ball, location: 2F 0-2: Strikes out swinging
|
Batting: RHB Billy Mullins
|
0-0: Swinging Strike 0-1: Ball 1-1: Fly out, F5 (Line Drive, 56)
|
Batting: LHB Javier Mejía
|
0-0: Called Strike 0-1: Called Strike 0-2: Ground out 3-1 (Groundball, 34)
|
Top of the 7th over - 0 runs, 0 hits, 0 errors, 0 left on base; Casper 3 - Balzac 2 |
BOTTOM OF THE 7TH |
Balzac Rams batting - Pitching for Casper Ghosts : RHP Arthur Martínez
|
Batting: RHB Manny Gutiérrez
|
0-0: Ball 1-0: Called Strike 1-1: Fly out, F7 (Flyball, 7S)
|
Batting: SHB Keith Hale
|
0-0: Called Strike 0-1: Ball 1-1: Ball 2-1: SINGLE (Groundball, 34D)
|
Pinch Hitting: LHB T.J. Richardson
|
0-0: Ball 1-0: Ball 2-0: Ball 3-0: Called Strike 3-1: Swinging Strike 3-2: Strikes out swinging
|
Batting: RHB Jeremy Flemming
|
0-0: Ball 1-0: Ball 2-0: Swinging Strike 2-1: Fly out, F9 (Flyball, 9D)
|
Bottom of the 7th over - 0 runs, 1 hit, 0 errors, 1 left on base; Casper 3 - Balzac 2 |
TOP OF THE 8TH |
Casper Ghosts batting - Pitching for Balzac Rams : RHP Marvin Dixon
|
Now in LF: T.J. Richardson
|
|
Batting: LHB George Flanagan
|
0-0: Foul Ball, location: 2F 0-1: Swinging Strike 0-2: Strikes out looking
|
Batting: LHB Ramón Córdova
|
0-0: Ball 1-0: Ball 2-0: Ball 3-0: Base on Balls
|
Batting: LHB Ronald Gordon
|
0-0: Foul Ball, location: 2F 0-1: Called Strike 0-2: Ball 1-2: Ball 2-2: Ball 3-2: Base on Balls Ramón Córdova to second
|
Pinch Hitting: SHB Jacob Wilcox
|
0-0: Foul Ball, location: 2F 0-1: Ball 1-1: Ball 2-1: Ball 3-1: Base on Balls Ramón Córdova to third Ronald Gordon to second
|
Batting: RHB Robert Acosta
|
0-0: Called Strike 0-1: Ball 1-1: Called Strike 1-2: Strikes out looking
|
Batting: RHB Troy Reed
|
0-0: Called Strike 0-1: Ball 1-1: Ball 2-1: DOUBLE (Flyball, 8RXD) Ramón Córdova scores Ronald Gordon scores Jacob Wilcox to third Runner from 3rd tries for Home, SAFE, no throw
|
Pitching: LHP William Evans
|
|
Batting: LHB Luis Rodríguez
|
0-0: Called Strike 0-1: Ball 1-1: Foul Ball, location: 2F 1-2: Foul Ball, location: 2F 1-2: Ground out 4-3 (Groundball, 4)
|
Top of the 8th over - 3 runs, 1 hit, 0 errors, 1 left on base; Casper 6 - Balzac 2 |
BOTTOM OF THE 8TH |
Balzac Rams batting - Pitching for Casper Ghosts : RHP Arthur Martínez
|
Pitching: LHP Pablo Solíz
|
|
Now at 3B: José González
|
|
Batting: LHB Fernando Cruz
|
0-0: Called Strike 0-1: Called Strike 0-2: Fly out, F3 (Popup, 3L)
|
Batting: LHB Greg Sharpe
|
0-0: Foul Ball, location: 2F 0-1: Ball 1-1: Called Strike 1-2: Ground out 6-3 (Groundball, 6)
|
Batting: RHB Pedro Molina
|
0-0: Called Strike 0-1: Ball 1-1: Swinging Strike 1-2: Strikes out swinging
|
Bottom of the 8th over - 0 runs, 0 hits, 0 errors, 0 left on base; Casper 6 - Balzac 2 |
TOP OF THE 9TH |
Casper Ghosts batting - Pitching for Balzac Rams : LHP William Evans
|
Batting: RHB Billy Mullins
|
0-0: Called Strike 0-1: Ball 1-1: Ball 2-1: Called Strike 2-2: Foul Ball, location: 2F 2-2: Strikes out swinging
|
Batting: LHB Javier Mejía
|
0-0: Ball 1-0: Ground out 4-3 (Groundball, 34)
|
Batting: LHB George Flanagan
|
0-0: Ball 1-0: Foul Ball, location: 2F 1-1: Foul Ball, location: 2F 1-2: Ball 2-2: Fly out, F8 (Flyball, 8LD)
|
Top of the 9th over - 0 runs, 0 hits, 0 errors, 0 left on base; Casper 6 - Balzac 2 |
BOTTOM OF THE 9TH |
Balzac Rams batting - Pitching for Casper Ghosts : LHP Pablo Solíz
|
Batting: RHB Juan Morales
|
0-0: Foul Ball, location: 2F 0-1: Called Strike 0-2: Ball 1-2: Ball 2-2: Foul Ball, location: 2F 2-2: Ground out 5-3 (Groundball, 56)
|
Batting: RHB Lynn Johnson
|
0-0: Ball 1-0: Called Strike 1-1: Ball 2-1: Fly out, F8 (Flyball, 8RD)
|
Batting: RHB Manny Gutiérrez
|
0-0: Called Strike 0-1: Called Strike 0-2: Ball 1-2: Fly out, F9 (Flyball, 9S)
|
Bottom of the 9th over - 0 runs, 0 hits, 0 errors, 0 left on base; Casper 6 - Balzac 2 |
|